 Dungeon Crawl Stone Soup version 0.31-a0-981-geadf994542 (webtiles) character file.

Game seed: 890090955498083099

2520 avis the Nimble (level 9, -1/36 (40) HPs)
             Began as a Felid Shapeshifter on Nov 1, 2023.
             Was an Initiate of Gozag.
             Slain by Jeremiah
             ... wielding a +4 trident of draining
              (9 damage)
             ... on level 7 of the Dungeon on Nov 2, 2023.
             The game lasted 00:38:09 (6714 turns).

avis the Nimble (Felid Shapeshifter)                Turns: 6714, Time: 00:38:09

HP:   -1/36 (40)    AC:  2    Str: 10    XL:     9   Next: 29%
MP:   19/19         EV: 26    Int: 12    God:    Gozag
Gold: 302           SH:  0    Dex: 19    Spells: 6/8 levels left
                                        Lives: 0   Deaths: 3

rFire   . .          .
                       - Unarmed
rCold   . . .        (shield unavailable)
rNeg    . . .        (body armour unavailable)
rPois   +            (helmet unavailable)
rElec   .            (cloak unavailable)
rCorr   .            (gloves unavailable)
SInv    +            (boots unavailable)
Will    +....        d - amulet of the acrobat
Stlth   +            g - ring of magical power
HPRegen 0.26/turn    m - ring of poison resistance
MPRegen 0.16/turn

%: acrobat
@: flux-form, glowing, heavily drained, quick
A: glow, contaminating, very small, claws 1, fangs 3, see invisible, speed 1,
shaggy fur 2, stealthy paws, no weapons or thrown items, no armour, multi-lived
a: Begin Untransformation, Renounce Religion, Potion Petition, Call Merchant,
Bribe Branch


You were on level 7 of the Dungeon.
You worshipped Gozag.
Gozag was aware of your devotion.
You were something dangerously unstable.
You visited 2 branches of the dungeon, and saw 8 of its levels.

You collected 389 gold pieces.
You paid 87 gold pieces to Gozag.

Inventory:

Jewellery
 d - an amulet of the acrobat (around neck)
 g - a ring of magical power (left paw)
 m - a ring of poison resistance (right paw)
Talismans
 b - a beast talisman
 f - a flux talisman (active)
Scrolls
 a - a scroll of enchant weapon {unknown}
 c - a scroll of acquirement {unknown}
 e - a scroll of silence {unknown}
 h - a scroll of revelation {unknown}
 k - a scroll of teleportation
 n - 2 scrolls of fog {unknown}
 o - a scroll of immolation {unknown}
Potions
 i - 2 potions of magic
 j - a potion of resistance {unknown}
 l - a potion of haste


   Skills:
 - Level 5.0 Fighting
 - Level 12.0 Dodging
 - Level 3.0 Unarmed Combat
 * Level 8.0 Shapeshifting


You had 6 spell levels left.
You knew the following spells:

 Your Spells              Type           Power      Damage    Failure   Level
b - Blink                 Tloc           0%         N/A       45%         2

Your spell library contained the following spells:

 Spells                   Type           Power      Damage    Failure   Level
 Shock                    Conj/Air       0%         1d3       32%         1
 Cigotuvi's Dreadful Rot  Necr/Pois/Air  0%         N/A       45%         2
 Lesser Beckoning         Tloc           0%         N/A       45%         2
 Momentum Strike          Conj/Tloc      0%         3d8       45%         2
 Swiftness                Air            0%         N/A       69%         3
 Airstrike                Air            0%         2d(0-16)  97%         4
 Cause Fear               Hex            0%         N/A       97%         4
 Dispel Undead            Necr           0%         3d6       97%         4
 Fulminant Prism          Conj/Hex       0%         3d5       97%         4
 Fireball                 Conj/Fire      0%         3d3       100%        5
 Irradiate                Conj/Tmut      0%         3d11      100%        5
 Death Channel            Necr           0%         N/A       100%        6
 Dragon's Call            Summ           0%         N/A       100%        9


Dungeon Overview and Level Annotations

Branches:
Dungeon (7/15)             Temple (1/1) D:6

Altars:
Ashenzari
Dithmenos
Elyvilon
Fedhas
Gozag
Hepliaklqana
Kikubaaqudgha
Makhleb
Nemelex Xobeh
Ru
Trog
Uskayaw
Vehumet
Wu Jian
Yredelemnul
Zin
The Shining One

Shops:
D:5 :

Annotations:
D:3 Ogre, CowFu's ghost, amateur MiFi
D:7 Jeremiah


Innate Abilities, Weirdness & Mutations

You are something dangerously unstable.
You glow with magical radiation, making you easy to see and hit.
Foes you strike become dangerously contaminated with magical radiation.
You have sharp claws.
You have razor-sharp teeth.
You have supernaturally acute eyesight. (SInv)
You cover ground quickly. (Speed+)
You are covered in thick fur. (AC +2)
Your paws help you pounce on unaware monsters.
You are incapable of wielding weapons or throwing items.
You cannot wear armour.
You gain extra lives every three experience levels.


Message History

The butterfly disappears in a burst of colours! x2
The butterfly disappears in a burst of colours! x2
You closely miss the butterfly.
The butterfly disappears in a burst of colours! x3
Jeremiah shouts, "Stop it!
Stop making me do this!"
Jeremiah barely misses you.
The butterfly disappears in a burst of colours! x2
Jeremiah cries, "Fearful master, protect me!"
Something smites you!
Jeremiah throws their arms up pleadingly.
Something smites you!
* * * LOW HITPOINT WARNING * * *
Jeremiah completely misses you.
The butterfly disappears in a burst of colours!
Jeremiah hops!
You closely miss the butterfly. Your bite misses the butterfly.
The butterfly disappears in a burst of colours!
Jeremiah seems to return to their normal shape.
Jeremiah hops!
You barely miss the butterfly. Your bite misses the butterfly.
The butterfly disappears in a burst of colours! x2
Jeremiah trails rainbows from their fingertips.
Jeremiah completely misses you.
The butterfly disappears in a burst of colours! x2
You start resting.
Magic restored.
The butterfly disappears in a burst of colours!
You start resting.
Jeremiah is nearby!
Jeremiah hits you with a +4 trident of draining.
* * * LOW HITPOINT WARNING * * *
You feel drained.
* * * LOW HITPOINT WARNING * * *
You scratch Jeremiah but do no damage.
Jeremiah begins to glow.
Jeremiah is lightly wounded.
The butterfly disappears in a burst of colours!
Jeremiah hits you with a +4 trident of draining!
You die...
Jeremiah says, "O terrible one, your will is done."
Your body crumbles into a pile of gold.

...._...).............
#.......#............##
#.......#....#.........
#..††...#.............
####.#####.....#....##
.....#.#.##..........#
#.........##b###...#.
..........#.b.bFbb##
.......#..b....#p## #
..#...##.##.F.##b.#.#...
.##...##..#.b.##........
#........#..........###
#...##.#####......### #.
### ##....## ##...b#
##..## #.##


You could see Jeremiah (contam).

Vanquished Creatures
  Pikel (D:6)
  Menkaure (D:4)
  2 ice beasts (D:5)
  2 ogres (D:5)
  3 black bears
  4 lemures (D:6)
  A phantom (D:6)
  2 bullfrogs (D:6)
  3 scorpions (D:5)
  2 wights (D:7)
  2 centaur zombies (D:7)
  4 orc priests
  3 hounds
  A jelly (D:6)
  2 gnoll boudas
  A sleepcap (D:4)
  4 iguanas
  3 orc wizards
  A howler monkey zombie (D:7)
  10 gnolls
  10 adders
  A worm (D:2)
  A dart slug (D:4)
  17 orcs
  5 endoplasms
  4 giant cockroaches
  4 goblins
  2 hobgoblins (D:2)
  10 kobolds
  4 quokkas
  9 ball pythons
  4 bats
  4 rats
127 creatures vanquished.

Vanquished Creatures (others)
  An endoplasm (D:3)
1 creature vanquished.

Grand Total: 128 creatures vanquished

Notes
Turn   | Place    | Note
-------+----------+-------------------------------------------
     0 | D:1      | avis the Felid Shapeshifter began the quest for the Orb.
     0 | D:1      | Reached XP level 1. HP: 9/9 MP: 2/2
   265 | D:1      | You fall into a shaft and drop 1 floor!
   293 | D:2      | Reached XP level 2. HP: 11/13 MP: 3/3
   342 | D:1      | Reached skill level 3 in Dodging
   796 | D:1      | Reached XP level 3. HP: 8/17 MP: 4/4
  1503 | D:2      | Found a faded altar of an unknown god.
  1583 | D:3      | Identified the of Fiemeto
  1591 | D:3      | Reached skill level 4 in Dodging
  1611 | D:2      | Reached XP level 4. HP: 16/21 MP: 5/5
  1651 | D:2      | Reached skill level 5 in Dodging
  1736 | D:3      | Found a transporter.
  1737 | D:3      | Noticed CowFu's ghost (amateur MiFi)
  1740 | D:3      | Noticed an ogre
  1903 | D:3      | Reached XP level 5. HP: 19/24 MP: 6/6
  2071 | D:3      | Found a white marble altar of Elyvilon.
  2197 | D:3      | Reached skill level 6 in Dodging
  2383 | D:3      | Found a transporter.
  2560 | D:4      | Found a shadowy altar of Dithmenos.
  2680 | D:4      | Noticed Menkaure
  2744 | D:4      | Noticed an ogre
  2867 | D:4      | Found a sacrificial altar of Ru.
  2867 | D:4      | Found a glowing silver altar of Zin.
  3090 | D:4      | Found a sparkling altar of Nemelex Xobeh.
  3105 | D:4      | Gained mutation: You are covered in thick fur. (AC +2)
                  | [Felid growth]
  3105 | D:4      | Reached XP level 6. HP: 17/28 MP: 7/7
  3292 | D:4      | Slain by a black bear
  3338 | D:4      | Reached skill level 5 in Shapeshifting
  3456 | D:4      | Killed Menkaure
  3457 | D:4      | Reached skill level 7 in Dodging
  3457 | D:4      | Reached XP level 7. HP: 13/31 MP: 8/8
  3757 | D:5      | Entered Level 5 of the Dungeon
  4030 | D:5      | Reached skill level 8 in Dodging
  4194 | D:5      | Mangled by an ice beast
  4220 | D:5      | Reached skill level 9 in Dodging
  4220 | D:5      | Reached XP level 8. HP: 33/34 MP: 9/9
  4530 | D:5      | Found Xacsa's Self-Improvement Boutique.
  4544 | D:5      | Reached skill level 10 in Dodging
  4630 | D:6      | Identified the +7 hand axe of Dismemberment {distort, rPois
                  | rF+++ Will+ Str-4}
  5116 | D:6      | Identified the +1 helmet of Jeniocits {rPois rCorr Str+2}
  5197 | D:6      | Reached skill level 5 in Fighting
  5270 | D:6      | Identified the +2 hand axe of Offence {flame, rC- Will+
                  | Str+3 Stlth+}
  5284 | D:6      | Found a radiant altar of Vehumet.
  5573 | D:6      | Found a staircase to the Ecumenical Temple.
  5582 | Temple   | Entered the Ecumenical Temple
  5595 | Temple   | Became a worshipper of Gozag Ym Sagoz the Greedy
  5930 | D:7      | Identified the +5 rapier of Untruth {drain, rN+ rCorr}
  5975 | D:6      | Reached skill level 11 in Dodging
  6032 | D:7      | Noticed Jeremiah
  6033 | D:7      | Noticed Pikel
  6053 | D:6      | Slain by a lemure
  6236 | D:6      | Killed Pikel
  6237 | D:6      | Reached XP level 9. HP: 25/40 MP: 10/10
  6591 | D:7      | Found a hide-covered altar of Uskayaw.
  6602 | D:7      | Learned a level 2 spell: Blink
  6635 | D:7      | Reached skill level 12 in Dodging
  6714 | D:7      | Slain by Jeremiah

Illustrated notes

Levels and vault maps discovered:
D:1:      tarquinn_simple_flora_water_d, layout_loops_ring
D:2:      layout_loops_ring, hellmonk_ecumenical_altar_inner_sanctum,
          grunt_ministairs_14, minivault_27
D:3:      layout_loops_ring, elyvilon_altar_4, gammafunk_ghost_smash
D:4:      layout_cave_pools, nemelex_dance_club_becter,
          nicolae_dithmenos_through_a_glass_darkly,
          gammafunk_temple_overflow_elements, uniq_menkaure
D:5:      layout_rooms, nicolae_shop_self_help
D:6:      layout_basic, mainiacjoe_overflow_tiny_flanked,
          minmay_temple_entry_junction
D:7:      layout_cave_pools, nicolae_uskayaw_murder_on_the_dancefloor,
          serial_undead, serial_undead_f, serial_undead_c, serial_undead_d,
          serial_undead_f, serial_shops,
          nicolae_shop_temple_entry_statues_fountains, uniq_maggie,
          uniq_jeremiah, uniq_pikel
Temple:   dpeg_chambers_temple

Skill      XL: |  1  2  3  4  5  6  7  8  9 |
---------------+----------------------------+-----
Fighting       | 2 3 5 |  5.0
Dodging        | 3 4 5 6 7 9 11 12 | 12.0
Shapeshifting  | 4 5 7 8 |  8.0
Unarmed Combat | |  3.0

Action                     |  1- 3 |  4- 6 |  7- 9 || total
---------------------------+-------+-------+-------++-------
  Melee: Unarmed           |    91 |   118 |   271 ||   480
         Bite              |     8 |    20 |    40 ||    68
         Punch             |     2 |     3 |     3 ||     8
    Use: Potion            |       |     1 |     4 ||     5
         Scroll            |       |       |     4 ||     4
   Stab: Sleeping          |     4 |     3 |       ||     7
 Armour: Skin              |    17 |    38 |   117 ||   172
  Dodge: Dodged            |    65 |   119 |   311 ||   495
   Form: Flux              |       |       |     1 ||     1

Table legend: (Time is in decaauts)
 A = Elapsed time spent in this place.
 B = Non-inter-level travel time spent in this place.
 C = Inter-level travel time spent in this place.
 D = Time resting spent in this place.
 E = Time spent auto-exploring this place.
 F = Levels seen in this place.
 G = Mean time per level.
                   A        B        C        D        E       F      G
               +--------+--------+--------+--------+--------+-----+--------+
         Total |   5850 |   5234 |    616 |   1505 |   1921 |   8 |  731.2 |
       Dungeon |   5753 |   5156 |    597 |   1443 |   1921 |   7 |  821.9 |
        Temple |     97 |     78 |     19 |     62 |      0 |   1 |   97.0 |
               +--------+--------+--------+--------+--------+-----+--------+

Top non-repeatable levels by time:
     D:6: 1368 daAuts
     D:4: 1060 daAuts
     D:3: 869 daAuts
     D:2: 806 daAuts
     D:5: 759 daAuts
     D:1: 679 daAuts
     D:7: 209 daAuts
  Temple: 97 daAuts
